SL
LAS VEGAS FLAMINGOS @ AUSTIN RANGERS
09/22/2020
 
TOP OF THE 1ST
Las Vegas Flamingos batting - Pitching for Austin Rangers : LHP Will Savage
Pitching: LHP Will Savage
Batting: RHB Travis Newsome 0-0: Foul Ball, location: 2F
0-1: Hit by Pitch
Batting: RHB Steven Talley 0-0: Ball
1-0: Foul Ball, location: 2F
1-1: Foul Ball, location: 2F
1-2: DOUBLE (Flyball, 8RS)
Travis Newsome to third
Batting: RHB Bill Taylor 0-0: Fly out, F8 (Popup, 78S)
Pitching: LHP Harry Evans
Batting: RHB Matt Sheppard 0-0: Ball
1-0: Ball
2-0: Called Strike
2-1: Called Strike
2-2: Ball
3-2: Strikes out swinging
Batting: LHB José Meléndez 0-0: Called Strike
0-1: Swinging Strike
0-2: Ball
1-2: Strikes out swinging
Top of the 1st over - 0 run(s), 1 hit(s), 0 error(s), 2 left on base; Las Vegas 0 - Austin 0
BOTTOM OF THE 1ST
Austin Rangers batting - Pitching for Las Vegas Flamingos : RHP Rich Hunter
Pitching: RHP Rich Hunter
Batting: LHB Phil Ritchie 0-0: Ball
1-0: Called Strike
1-1: Called Strike
1-2: Foul Ball, location: 2F
1-2: Foul Ball, location: 2F
1-2: Ball
2-2: SINGLE (Line Drive, 4M)
Batting: SHB Todd Schenkel 0-0: Fly out, F8 (Flyball, 8LM)
Batting: LHB Trent Kershaw 0-0: Ball
Phil Ritchie is caught stealing 2nd base
1-0: Called Strike
1-1: Ball
2-1: Swinging Strike
2-2: Ball
3-2: Strikes out swinging
Bottom of the 1st over - 0 run(s), 1 hit(s), 0 error(s), 0 left on base; Las Vegas 0 - Austin 0
TOP OF THE 2ND
Las Vegas Flamingos batting - Pitching for Austin Rangers : LHP Harry Evans
Batting: RHB Floyd Mitchell 0-0: Called Strike
0-1: Swinging Strike
0-2: Foul Ball, location: 2F
0-2: Ball
1-2: Fly out, F3 (Popup, 13S)
Batting: RHB Kyle Dempsey 0-0: Foul Ball, location: 2F
0-1: Ball
1-1: Fly out, F6 (Line Drive, 6D)
Batting: RHB Terry Sylvester 0-0: Swinging Strike
0-1: Swinging Strike
0-2: Strikes out looking
Top of the 2nd over - 0 run(s), 0 hit(s), 0 error(s), 0 left on base; Las Vegas 0 - Austin 0
BOTTOM OF THE 2ND
Austin Rangers batting - Pitching for Las Vegas Flamingos : RHP Rich Hunter
Batting: RHB Justin Maldonado 0-0: Ball
1-0: Foul Ball, location: 2F
1-1: Ball
2-1: Foul Ball, location: 2F
2-2: Foul Ball, location: 2F
2-2: Ground out 4-3 (Groundball, 4)
Batting: RHB Max White 0-0: Ball
1-0: Called Strike
1-1: Ball
2-1: Ground out 5-3 (Groundball, 5)
Batting: RHB Joaquín Parra 0-0: Foul Ball, location: 2F
0-1: DOUBLE (Flyball, 89XD)
Batting: RHB Randy Gregory 0-0: Ball
1-0: Ground out 5-3 (Groundball, 5L)
Bottom of the 2nd over - 0 run(s), 1 hit(s), 0 error(s), 1 left on base; Las Vegas 0 - Austin 0
TOP OF THE 3RD
Las Vegas Flamingos batting - Pitching for Austin Rangers : LHP Harry Evans
Batting: RHB Rich Hunter 0-0: Fly out, F6 (Popup, 6M)
Batting: RHB Travis Newsome 0-0: Ball
1-0: Called Strike
1-1: Ground out 1-3 (Groundball, 13S)
Batting: RHB Steven Talley 0-0: Ball
1-0: Foul Ball, location: 2F
1-1: Ground out 6-3 (Groundball, 6M)
Top of the 3rd over - 0 run(s), 0 hit(s), 0 error(s), 0 left on base; Las Vegas 0 - Austin 0
BOTTOM OF THE 3RD
Austin Rangers batting - Pitching for Las Vegas Flamingos : RHP Rich Hunter
Batting: RHB Joseph Pate 0-0: Called Strike
0-1: Ball
1-1: DOUBLE (Line Drive, 3L)
Batting: LHB Harry Evans 0-0: Bunted foul
0-1: Sac Bunt - play at first, batter OUT! 2-4
Joseph Pate to third
Batting: LHB Phil Ritchie 0-0: Called Strike
0-1: Fly out, F2 (Popup, 2L)
Batting: SHB Todd Schenkel 0-0: Ball
1-0: Ground out 4-3 (Groundball, 4)
Bottom of the 3rd over - 0 run(s), 1 hit(s), 0 error(s), 1 left on base; Las Vegas 0 - Austin 0
TOP OF THE 4TH
Las Vegas Flamingos batting - Pitching for Austin Rangers : LHP Harry Evans
Batting: RHB Bill Taylor 0-0: Ball
1-0: Called Strike
1-1: Ball
2-1: Ball
3-1: Foul Ball, location: 2F
3-2: Base on Balls
Batting: RHB Matt Sheppard 0-0: Ball
1-0: Called Strike
1-1: Ball
2-1: Ball
3-1: DOUBLE (Line Drive, 89M)
Bill Taylor to third
Batting: LHB José Meléndez 0-0: Called Strike
0-1: Foul Ball, location: 2F
0-2: Ball
1-2: Strikes out swinging
Batting: RHB Floyd Mitchell 0-0: Ball
Wild Pitch!
Bill Taylor scores
Matt Sheppard to third
1-0: Ground out 6-3 (Groundball, 6M)
Matt Sheppard scores
Batting: RHB Kyle Dempsey 0-0: Ball
1-0: Ball
2-0: Fly out, F9 (Flyball, 89M)
Top of the 4th over - 2 run(s), 1 hit(s), 0 error(s), 0 left on base; Las Vegas 2 - Austin 0
BOTTOM OF THE 4TH
Austin Rangers batting - Pitching for Las Vegas Flamingos : RHP Rich Hunter
Batting: LHB Trent Kershaw 0-0: Swinging Strike
0-1: Foul Ball, location: 2F
0-2: Ball
1-2: Foul Ball, location: 2F
1-2: Ball
2-2: Fly out, F7 (Flyball, 78M)
Batting: RHB Justin Maldonado 0-0: Ball
1-0: Fly out, F9 (Flyball, 9M)
Batting: RHB Max White 0-0: Called Strike
0-1: Ball
1-1: Fly out, F9 (Flyball, 9M)
Bottom of the 4th over - 0 run(s), 0 hit(s), 0 error(s), 0 left on base; Las Vegas 2 - Austin 0
TOP OF THE 5TH
Las Vegas Flamingos batting - Pitching for Austin Rangers : LHP Harry Evans
Batting: RHB Terry Sylvester 0-0: Called Strike
0-1: Swinging Strike
0-2: Ball
1-2: Fly out, F6 (Popup, 6D)
Batting: RHB Rich Hunter 0-0: Ball
1-0: Swinging Strike
1-1: Swinging Strike
1-2: SOLO HOME RUN (Flyball, 7LD), Distance : 347 ft
Pitching: RHP Owen Henderson
Batting: RHB Travis Newsome 0-0: Called Strike
0-1: Swinging Strike
0-2: Strikes out swinging
Batting: RHB Steven Talley 0-0: Called Strike
0-1: Reached on error, E5 (Groundball, 5L)
Batting: RHB Bill Taylor 0-0: Ball
1-0: SINGLE (Groundball, 56D)
Steven Talley to second
Batting: RHB Matt Sheppard 0-0: Swinging Strike
0-1: Swinging Strike
0-2: DOUBLE (Flyball, 9LM)
Steven Talley scores
Bill Taylor to third
Batting: LHB José Meléndez 0-0: Called Strike
0-1: Swinging Strike
0-2: Ball
1-2: Strikes out swinging
Top of the 5th over - 2 run(s), 3 hit(s), 1 error(s), 2 left on base; Las Vegas 4 - Austin 0
BOTTOM OF THE 5TH
Austin Rangers batting - Pitching for Las Vegas Flamingos : RHP Rich Hunter
Batting: RHB Joaquín Parra 0-0: Ball
1-0: Ball
2-0: Called Strike
2-1: Foul Ball, location: 2F
2-2: Ball
3-2: Foul Ball, location: 2F
3-2: Foul Ball, location: 2F
3-2: Foul Ball, location: 2F
3-2: Base on Balls
Batting: RHB Randy Gregory 0-0: Swinging Strike
0-1: Foul Ball, location: 2F
0-2: Foul Ball, location: 2F
0-2: Fielders Choice at 2nd, 2-4 (Groundball, 2L)
Batting: RHB Joseph Pate 0-0: Ball
1-0: Ball
2-0: Swinging Strike
2-1: Foul Ball, location: 2F
2-2: Foul Ball, location: 2F
2-2: Foul Ball, location: 2F
2-2: Ball
3-2: SINGLE (Line Drive, 78S)
Randy Gregory to second
Pinch Hitting: RHB Chip Teague 0-0: Called Strike
0-1: Ball
1-1: Ball
2-1: Swinging Strike
2-2: SINGLE (Groundball, 34D)
Randy Gregory to third
Joseph Pate to second
Batting: LHB Phil Ritchie 0-0: Called Strike
0-1: Ball
1-1: Ball
2-1: Ball
3-1: Foul Ball, location: 2F
3-2: Fielders Choice at 2nd, 4-6 (Groundball, 4)
Randy Gregory scores
Joseph Pate to third
Batting: SHB Todd Schenkel Balk!
Joseph Pate scores
Phil Ritchie to second
0-0: Foul Ball, location: 2F
0-1: Ball
1-1: Foul Ball, location: 2F
1-2: Ground out U3 (Groundball, 3)
Bottom of the 5th over - 2 run(s), 2 hit(s), 0 error(s), 1 left on base; Las Vegas 4 - Austin 2
TOP OF THE 6TH
Las Vegas Flamingos batting - Pitching for Austin Rangers : RHP Owen Henderson
Pitching: RHP Joe Johnson
Batting: RHB Floyd Mitchell 0-0: Called Strike
0-1: Ball
1-1: Foul Ball, location: 2F
1-2: Fly out, F3 (Popup, 23F)
Batting: RHB Kyle Dempsey 0-0: Ball
1-0: Ball
2-0: Called Strike
2-1: Ball
3-1: Foul Ball, location: 2F
3-2: Strikes out swinging
Batting: RHB Terry Sylvester 0-0: Ground out 6-3 (Groundball, 56)
Top of the 6th over - 0 run(s), 0 hit(s), 0 error(s), 0 left on base; Las Vegas 4 - Austin 2
BOTTOM OF THE 6TH
Austin Rangers batting - Pitching for Las Vegas Flamingos : RHP Rich Hunter
Batting: LHB Trent Kershaw 0-0: Ground out U3 (Groundball, 3S)
Batting: RHB Justin Maldonado 0-0: Ball
1-0: Ball
2-0: Ground out 5-3 (Groundball, 5L)
Batting: RHB Max White 0-0: Foul Ball, location: 2F
0-1: Ball
1-1: Ball
2-1: Foul Ball, location: 2F
2-2: Ball
3-2: Ground out 1-3 (Groundball, 15S)
Bottom of the 6th over - 0 run(s), 0 hit(s), 0 error(s), 0 left on base; Las Vegas 4 - Austin 2
TOP OF THE 7TH
Las Vegas Flamingos batting - Pitching for Austin Rangers : RHP Joe Johnson
Pinch Hitting: RHB Manny Freitas 0-0: Ball
1-0: Ball
2-0: Swinging Strike
2-1: Foul Ball, location: 2F
2-2: Strikes out looking
Batting: RHB Travis Newsome 0-0: Called Strike
0-1: Ground out 5-3 (Groundball, 5)
Batting: RHB Steven Talley 0-0: Called Strike
0-1: Swinging Strike
0-2: Strikes out swinging
Top of the 7th over - 0 run(s), 0 hit(s), 0 error(s), 0 left on base; Las Vegas 4 - Austin 2
BOTTOM OF THE 7TH
Austin Rangers batting - Pitching for Las Vegas Flamingos : RHP Rich Hunter
Pitching: RHP Tony Hernández
Batting: RHB Joaquín Parra 0-0: Called Strike
0-1: Called Strike
0-2: Ball
1-2: Ball
2-2: Foul Ball, location: 2F
2-2: Ball
3-2: Strikes out swinging
Batting: RHB Randy Gregory 0-0: Called Strike
0-1: Ground out 5-3 (Groundball, 5)
Batting: RHB Joseph Pate 0-0: Ball
1-0: Ball
2-0: Ball
3-0: Base on Balls
Pinch Hitting: LHB Jon MacIntyre 0-0: Ball
1-0: Ball
2-0: Ball
Joseph Pate is caught stealing 2nd base
Bottom of the 7th over - 0 run(s), 0 hit(s), 0 error(s), 0 left on base; Las Vegas 4 - Austin 2
TOP OF THE 8TH
Las Vegas Flamingos batting - Pitching for Austin Rangers : RHP Joe Johnson
Pitching: RHP Mike Warren
Batting: RHB Bill Taylor 0-0: Ball
1-0: DOUBLE (Flyball, 89D)
Batting: RHB Matt Sheppard 0-0: Ground out 5-3 (Groundball, 5L)
Batting: LHB José Meléndez 0-0: Intentional Walk
Batting: RHB Floyd Mitchell 0-0: Ball
1-0: Foul Ball, location: 2F
1-1: Foul Ball, location: 2F
1-2: Ball
2-2: Ball
3-2: Foul Ball, location: 2F
3-2: Strikes out swinging
Pinch Hitting: RHB Jeff Young 0-0: Called Strike
0-1: Foul Ball, location: 2F
0-2: Strikes out swinging
Top of the 8th over - 0 run(s), 1 hit(s), 0 error(s), 2 left on base; Las Vegas 4 - Austin 2
BOTTOM OF THE 8TH
Austin Rangers batting - Pitching for Las Vegas Flamingos : RHP Tony Hernández
Now at C: Jeff Young
Pinch Hitting: RHB Juan Alvarado 0-0: Ball
1-0: Ground out 6-3 (Groundball, 6S)
Batting: LHB Phil Ritchie 0-0: Called Strike
0-1: Foul Ball, location: 2F
0-2: Ball
1-2: Foul Ball, location: 2F
1-2: Strikes out swinging
Batting: SHB Todd Schenkel 0-0: Ball
1-0: Called Strike
1-1: Ball
2-1: Called Strike
2-2: DOUBLE (Line Drive, 89XD) - OUT at third base trying to stretch hit.
Bottom of the 8th over - 0 run(s), 1 hit(s), 0 error(s), 0 left on base; Las Vegas 4 - Austin 2
TOP OF THE 9TH
Las Vegas Flamingos batting - Pitching for Austin Rangers : RHP Mike Warren
Pitching: LHP Han-lee Pak
Batting: RHB Terry Sylvester 0-0: Ball
1-0: Swinging Strike
1-1: Ball
2-1: Ball
3-1: Foul Ball, location: 2F
3-2: Strikes out swinging
Pinch Hitting: RHB David Gómez 0-0: Called Strike
0-1: Ball
1-1: Ground out 6-3 (Groundball, 6)
Batting: RHB Travis Newsome 0-0: Called Strike
0-1: Foul Ball, location: 2F
0-2: Ball
1-2: Ball
2-2: Strikes out swinging
Top of the 9th over - 0 run(s), 0 hit(s), 0 error(s), 0 left on base; Las Vegas 4 - Austin 2
BOTTOM OF THE 9TH
Austin Rangers batting - Pitching for Las Vegas Flamingos : RHP Tony Hernández
Pitching: RHP Augusto Dávila
Batting: LHB Trent Kershaw 0-0: Ball
1-0: Ground out U3 (Groundball, 3L)
Batting: RHB Justin Maldonado 0-0: Called Strike
0-1: Ball
1-1: Called Strike
1-2: Foul Ball, location: 2F
1-2: SINGLE (Line Drive, 56)
Batting: RHB Max White 0-0: DOUBLE (Flyball, 89XD)
Justin Maldonado to third
Batting: RHB Joaquín Parra 0-0: Swinging Strike
0-1: Called Strike
0-2: Ball
1-2: Ball
2-2: Ball
3-2: Strikes out swinging
Batting: RHB Randy Gregory 0-0: Called Strike
0-1: Ball
1-1: Ground out 6-3 (Groundball, 6)
Bottom of the 9th over - 0 run(s), 2 hit(s), 0 error(s), 2 left on base; Las Vegas 4 - Austin 2
This league is powered by Out of the Park Baseball, the baseball management simulation game for PC, Mac and Linux
Friday, October 23rd, 2015 - OOTP Baseball 16.9 Build 39